 Dungeon Crawl Stone Soup version 0.26-b1-32-g5d43845318 (webtiles) character file.

Game seed: 12740206467658224548

102 Borgoz the Slasher (level 4, 0/37 HPs)
             Began as a Ghoul Gladiator on Jan 13, 2021.
             Slain by a gnoll
             ... wielding a +0 flail of protection
              (6 damage)
             ... on level 3 of the Dungeon.
             The game lasted 00:02:02 (2234 turns).

Borgoz the Slasher (Ghoul Gladiator)                Turns: 2234, Time: 00:02:03

Health: 0/37       AC:  4    Str: 18    XL:     4   Next: 78%
Magic:  3/3        EV: 12    Int:  3    God:
Gold:   86         SH:  0    Dex: 10    Spells: 3/3 levels left

rFire    . . .     SeeInvis .   a - +0 long sword
rCold    + . .     Faith    .   (no shield)
rNeg     + + +     Spirit   .   b - +0 leather armour
rPois    ∞         Reflect  .   c - +0 helmet
rElec    .         Harm     .   h - scarf {repulsion}
rCorr    .         Rampage  .   (no gloves)
Will     .....                  (no boots)
Stlth    +.........             (no amulet)
HPRegen  0.00/turn              (no ring)
MPRegen  0.08/turn              (no ring)

@: repel missiles
A: claws 1, cold resistance 1, negative energy resistance 3, inhibited
regeneration, torment resistance, unbreathing
a: no special abilities


You were on level 3 of the Dungeon.
You visited 1 branch of the dungeon, and saw 3 of its levels.

You collected 86 gold pieces.

Inventory:

Hand Weapons
 a - a +0 long sword (weapon)
Missiles
 d - a throwing net (quivered)
Armour
 b - a +0 leather armour (worn)
 c - a +0 helmet (worn)
 h - a scarf of repulsion (worn)
Scrolls
 e - a scroll of magic mapping {unknown}
 i - a scroll of fear {unknown}
 j - 4 scrolls of remove curse
 p - a scroll of noise {unknown}
Potions
 f - a potion of lignification {unknown}
 g - a potion of mutation {unknown}
 k - a potion of heal wounds {unknown}
 l - a potion of haste {unknown}
 m - a potion of curing {unknown}
 n - 2 potions of magic
 o - 2 potions of berserk rage


   Skills:
 + Level 2.8 Fighting
 * Level 3.5 Long Blades
 - Level 1.7 Throwing
 + Level 1.2 Armour
 * Level 3.5 Dodging


You had 3 spell levels left.
You didn't know any spells.
Your spell library was empty.

Dungeon Overview and Level Annotations

Branches:
Dungeon (3/15)

Altars:


Innate Abilities, Weirdness & Mutations

You thrive by killing the living.
You are immune to poison.
You have sharp fingernails.
Your flesh is cold resistant. (rC+)
You are immune to negative energy. (rN+++)
You do not regenerate when monsters are visible.
You are immune to unholy pain and torment.
You can survive without breathing.


Message History

You are too injured to fight recklessly!
You are too injured to fight recklessly!
You are too injured to fight recklessly!
You are too injured to fight recklessly!
You are too injured to fight recklessly!
Unknown command.
Throw: 3 throwing nets
Press: ? - help, Q - select action Shift-Dir - straight line, f - gnoll
Aim: a gnoll, wielding a +0 flail of protection (lightly wounded)
You throw a throwing net.
The throwing net barely misses the gnoll.
The gnoll hits you with a +0 flail of protection!
* * * LOW HITPOINT WARNING * * *
Throw: 2 throwing nets
Press: ? - help, Q - select action Shift-Dir - straight line, f/p - gnoll
Aim: a gnoll, wielding a +0 flail of protection (lightly wounded)
You throw a throwing net.
The throwing net closely misses the gnoll.
The gnoll hits you with a +0 flail of protection.
You die...

#.. ## #... ....#
##... .#.. ....
###.#.# #..#
.?.#.# #..#
#.###..>.# #..##
#...g.#..# #....
#@...# #..##
##.#.## #..##
#....########..>.
#..#..........###
##...########## #
##)## # #.# ##
#.# #. #.. #.


You could see a gnoll.

Vanquished Creatures
  Terence (D:2)
  A gnoll (D:1)
  An adder (D:3)
  An ooze (D:1)
  A worm (D:2)
  A dart slug (D:2)
  A leopard gecko (D:1)
  A ball python (D:1)
  6 bats (D:1)
  3 giant cockroaches
  6 hobgoblins
  8 frilled lizards
  4 goblins
  7 kobolds
  11 rats
53 creatures vanquished.

Vanquished Creatures (others)
  A plant (D:1)
1 creature vanquished.

Grand Total: 54 creatures vanquished

Notes
Turn   | Place    | Note
-------+----------+-------------------------------------------
     0 | D:1      | Borgoz the Ghoul Gladiator began the quest for the Orb.
     0 | D:1      | Reached XP level 1. HP: 17/17 MP: 0/0
   343 | D:1      | Reached XP level 2. HP: 24/24 MP: 1/1
   587 | D:1      | Reached XP level 3. HP: 30/30 MP: 2/2
  1295 | D:2      | Noticed Terence
  1305 | D:2      | Killed Terence
  1306 | D:2      | Reached skill level 1 in Armour
  1306 | D:2      | Reached XP level 4. HP: 10/37 MP: 3/3
  2234 | D:3      | Slain by a gnoll

Illustrated notes

Levels and vault maps discovered:
D:1:      eino_arrival_cavern_d, layout_basic, serial_bayou_pond_e
D:2:      layout_loops_cross, uniq_terence
D:3:      layout_loops_ring

Skill      XL: |  1  2  3 |
---------------+----------+-----
Dodging        | 3 |  3.5
Long Blades    | 3 |  3.5
Armour         | 1 |  1.2
Fighting       | |  2.8
Throwing       | |  1.7

Action                   |  1- 3 |  4- 6 || total
-------------------------+-------+-------++-------
Melee: Long sword        |    98 |    58 ||   156
Throw: Throwing net      |     3 |     2 ||     5
  Use: Scroll            |       |     3 ||     3
 Stab: Held in net/web   |     1 |       ||     1
Armor: Leather armour    |    33 |    14 ||    47
Dodge: Dodged            |    90 |    35 ||   125
       Rpst.: Long sword |    31 |    11 ||    42
